[Event "Titled Tuesday Blitz March 01 Early 2022"]
[White "Winkels, Marcel"]
[Black "Putri, Regita Desyari"]
[WhiteFideId "1003887"]
[BlackFideId "7109083"]
[WhiteElo "1900"]
[BlackElo "1930"]
[Result "0-1"]
[Round "06"]
[TimeControl "180+1"]
[Date "2022.03.01"]
[WhiteClock "0:00:03"]
[BlackClock "0:00:21"]

1. b3 d5 2. Bb2 Nf6 3. e3 Bf5 4. Nf3 e6 5. d3 h6 6. Be2 Be7 7. Nbd2 O-O 8. O-O c6 9. c4 Nbd7 10. Rc1 Bh7 11. Ne5 Nxe5 12. Bxe5 Nd7 13. Ba1 Bf6 14. Bxf6 Qxf6 15. Bf3 Bxd3 16. Re1 Bg6 17. e4 dxc4 18. Nxc4 Rfd8 19. Qe2 Ne5 20. Nxe5 Qxe5 21. g3 Rd7 22. Bg2 Rad8 23. Qe3 Qd4 24. Qf4 e5 25. Qh4 Qb2 26. a4 Rd2 27. g4 Qxb3 28. Rb1 Qc4 29. Rxb7 Rd1 30. f3 Qc5+ 31. Kf1 Qc2 32. Rb1 Kh7 33. Rbxd1 Rxd1 34. Rxd1 Qxd1+ 35. Qe1 Qxa4 36. Qc3 f6 37. Qc5 Qb5+ 38. Qxb5 cxb5 39. Ke1 a5 40. Kd2 Bf7 41. Kc3 Kg6 42. Bf1 Be8 43. h4 Kf7 44. Kb3 Ke6 45. Kc3 Kd6 46. Bd3 Kc5 47. Bc2 b4+ 48. Kb2 a4 49. Bb1 Bb5 50. Bc2 a3+ 0-1


[Site "https://www.chess.com"]

[Event "Titled Tuesday Blitz March 01 Early 2022"]
[White "Yurtseven, Melih"]
[Black "Mirzoev, Azer"]
[WhiteFideId "6312160"]
[BlackFideId "13400304"]
[WhiteElo "2160"]
[BlackElo "2525"]
[Result "0-1"]
[Round "06"]
[TimeControl "180+1"]
[Date "2022.03.01"]
[WhiteClock "0:00:06"]
[BlackClock "0:00:12"]

1. Nf3 e6 2. g3 c5 3. Bg2 d5 4. O-O Nf6 5. d3 Nc6 6. Nbd2 Be7 7. e4 b6 8. Re1 Bb7 9. c3 Qc7 10. Nf1 dxe4 11. dxe4 Rd8 12. Qc2 h6 13. Bf4 e5 14. Bd2 O-O 15. Ne3 Rfe8 16. Nd5 Qc8 17. Rad1 c4 18. Bc1 b5 19. Nh4 Nb8 20. Nf5 Nxd5 21. exd5 Bf8 22. Bh3 Qc7 23. Qe4 Nd7 24. Qh4 Qb6 25. Be3 Qg6 26. Rd2 Nf6 27. d6 Be4 28. Ne7+ Bxe7 29. dxe7 Rxd2 30. Bxd2 Rxe7 31. Be3 a6 32. Bc5 Re8 33. Bb6 Bc6 34. Bc7 Ne4 35. Bg2 Ng5 36. Rxe5 Qb1+ 0-1


[Site "https://www.chess.com"]

[Event "Titled Tuesday Blitz March 01 Early 2022"]
[White "Zanette, Edgard Vinicius"]
[Black "Stepanencu, Nicodim-Cosmin"]
[WhiteFideId "2109263"]
[BlackFideId "1256220"]
[WhiteElo "2182"]
[BlackElo "1809"]
[Result "1-0"]
[Round "06"]
[TimeControl "180+1"]
[Date "2022.03.01"]
[WhiteClock "0:01:01"]
[BlackClock "0:00:35"]

1. e4 e6 2. d4 b6 3. Nc3 Bb7 4. Nf3 Bb4 5. Bd3 Nf6 6. Qe2 d5 7. e5 Ne4 8. Bd2 Bxc3 9. bxc3 c5 10. O-O h6 11. Bb5+ Nd7 12. c4 dxc4 13. Bxc4 cxd4 14. Bb4 Rc8 15. Nxd4 Qg5 16. f4 Qg6 17. Bd3 Ndc5 18. Bxc5 bxc5 19. Nb5 Ba6 20. Bxe4 Bxb5 21. Qxb5+ 1-0


[Site "https://www.chess.com"]

[Event "Titled Tuesday Blitz March 01 Early 2022"]
[White "Zavgorodniy, Sergiy"]
[Black "Li, Ben"]
[WhiteFideId "14110148"]
[BlackFideId "2089980"]
[WhiteElo "2420"]
[BlackElo "2267"]
[Result "1-0"]
[Round "06"]
[TimeControl "180+1"]
[Date "2022.03.01"]
[WhiteClock "0:00:43"]
[BlackClock "0:00:39"]

1. e4 c5 2. Nf3 d6 3. c3 Nf6 4. Bc4 Nxe4 5. Qa4+ Nc6 6. Bxf7+ Kxf7 7. Qxe4 g6 8. d4 Bf5 9. Qe2 cxd4 10. cxd4 Kg7 11. h3 Nb4 12. Bh6+ Kxh6 13. Qd2+ Kg7 14. Qxb4 h6 15. O-O Kh7 16. Re1 Qd7 17. Nh4 Be6 18. d5 Bxd5 19. Nc3 Bf7 20. Rad1 Bg7 21. Qe4 Rae8 22. Nd5 e5 23. Rd3 Rhg8 24. Rg3 Bh8 25. Ree3 Qc6 26. Rd3 Re6 27. Rc3 Qe8 28. Nc7 Qe7 29. Nxe6 Qxe6 30. Rc7 Rg7 31. Qxb7 d5 32. Re7 Qf6 33. Rf3 Qxh4 34. Rfxf7 Rxf7 35. Rxf7+ Kg8 36. Rc7 1-0


[Site "https://www.chess.com"]

[Event "Titled Tuesday Blitz March 01 Early 2022"]
[White "Zavivaeva, Emilia"]
[Black "Joubert, Dantelle"]
[WhiteFideId "34127531"]
[BlackFideId "14310813"]
[WhiteElo "1685"]
[BlackElo "1507"]
[Result "0-1"]
[Round "06"]
[TimeControl "180+1"]
[Date "2022.03.01"]
[WhiteClock "0:00:27"]
[BlackClock "0:00:58"]

1. e4 c5 2. c3 g6 3. d4 cxd4 4. cxd4 Bg7 5. Nf3 d5 6. exd5 Nf6 7. Nc3 Nxd5 8. Nxd5 Qxd5 9. Be3 O-O 10. Be2 Nc6 11. O-O Bf5 12. Re1 Rfd8 13. Bd3 Bxd3 14. Qxd3 Ne5 15. Nxe5 Bxe5 16. Rad1 Qxa2 17. Qe4 Bf6 0-1


[Site "https://www.chess.com"]

[Event "Titled Tuesday Blitz March 01 Early 2022"]
[White "Zheenbekov, Nurgazy"]
[Black "Korchmar, Vasiliy"]
[WhiteFideId "13800485"]
[BlackFideId "24131750"]
[WhiteElo "1959"]
[BlackElo "2370"]
[Result "0-1"]
[Round "06"]
[TimeControl "180+1"]
[Date "2022.03.01"]
[WhiteClock "0:00:06"]
[BlackClock "0:00:43"]

1. e4 c5 2. Nf3 d6 3. Bb5+ Nd7 4. O-O a6 5. Be2 Ngf6 6. d3 g6 7. Re1 Bg7 8. Bf1 O-O 9. h3 Ne5 10. a4 b6 11. Nc3 Bb7 12. Bf4 Nfd7 13. Nh2 h6 14. Qd2 Kh7 15. g4 e6 16. Bg2 g5 17. Bg3 Ng6 18. Rab1 Be5 19. Ne2 Bc6 20. b3 b5 21. a5 b4 22. f4 gxf4 23. Nxf4 Qg5 24. Rf1 Nxf4 25. Bxf4 Bxf4 26. Rxf4 Ne5 27. Rbf1 f5 28. Qf2 Ng6 29. exf5 Nxf4 30. Qxf4 Qxf4 31. Rxf4 Bxg2 32. Kxg2 exf5 33. gxf5 Rae8 34. Kf2 Re5 35. f6 Re6 36. f7 Re7 37. Ng4 Rexf7 38. Rxf7+ Rxf7+ 39. Ke3 Re7+ 40. Kf3 Kg6 41. Nf2 Rf7+ 42. Kg3 Kf5 43. Ne4 Ke5 44. Kg4 Rf1 45. Kh5 Rc1 46. Kxh6 Rxc2 47. h4 d5 48. Ng5 c4 49. bxc4 dxc4 50. dxc4 b3 51. Nf3+ Ke4 52. Ng5+ Ke3 0-1


[Site "https://www.chess.com"]

[Event "Titled Tuesday Blitz March 01 Early 2022"]
[White "Aaditya Dhingra"]
[Black "Goltseva, Ekaterina"]
[WhiteFideId "25678191"]
[BlackFideId "24173770"]
[WhiteElo "1789"]
[BlackElo "2140"]
[Result "0-1"]
[Round "07"]
[TimeControl "180+1"]
[Date "2022.03.01"]
[WhiteClock "0:00:33"]
[BlackClock "0:00:28"]

1. Nf3 Nf6 2. c4 e6 3. g3 d5 4. Bg2 d4 5. O-O c5 6. e3 Nc6 7. exd4 cxd4 8. d3 Bd6 9. Bg5 h6 10. Bxf6 Qxf6 11. Nbd2 Qd8 12. Ne4 Be7 13. a3 a5 14. Re1 O-O 15. Rc1 e5 16. h3 Rb8 17. g4 Qc7 18. Ng3 g6 19. Qd2 Kh7 20. Qe2 Bf6 21. c5 Bg7 22. Nd2 f5 23. Nc4 Be6 24. gxf5 gxf5 25. Nd6 Ne7 26. Nh5 Nd5 27. Kh1 Qd7 28. Rg1 Rg8 29. Rce1 Bh8 30. Qd2 Rg5 31. Ng3 Nf4 32. h4 Rg4 33. Ngxf5 Bxf5 34. Nxf5 Qxf5 35. Be4 Rxh4# 0-1


[Site "https://www.chess.com"]

[Event "Titled Tuesday Blitz March 01 Early 2022"]
[White "Abdyzhapar, Asylbek"]
[Black "Omelja, Artem"]
[WhiteFideId "13800337"]
[BlackFideId "14119846"]
[WhiteElo "2331"]
[BlackElo "2418"]
[Result "1-0"]
[Round "07"]
[TimeControl "180+1"]
[Date "2022.03.01"]
[WhiteClock "0:01:46"]
[BlackClock "0:00:05"]

1. d4 d5 2. Bf4 Nf6 3. e3 c5 4. c3 Nc6 5. Nd2 Bf5 6. Qb3 Qc8 7. dxc5 e6 8. Ngf3 Bxc5 9. h3 O-O 10. Nh4 Be4 11. Nxe4 dxe4 12. g4 Nd5 13. Bg3 a6 14. Be2 b5 15. Qc2 f5 16. gxf5 exf5 17. Qb3 Qe6 18. Rd1 Rad8 19. Ng2 Qf7 20. h4 Kh8 21. h5 Na5 22. Qc2 Nc4 23. b3 Ncb6 24. O-O Nf6 25. Nf4 Bd6 26. Rxd6 Rxd6 27. Ng6+ hxg6 28. Bxd6 Rd8 29. hxg6 Qxg6+ 30. Bg3 Nbd5 31. c4 Nxe3 32. Qc3 Nxf1 33. Kxf1 bxc4 34. bxc4 Nh5 35. Be5 Nf6 36. c5 Qf7 37. c6 Qe6 38. c7 Rc8 39. Bc4 Nd5 40. Qh3+ Kg8 41. Qg3 g6 42. Bxd5 Qxd5 43. Qxg6+ Kf8 44. Bd6+ Qxd6 45. Qxd6+ Kf7 46. Qd7+ Kf6 47. Qxc8 Ke5 1-0


[Site "https://www.chess.com"]

[Event "Titled Tuesday Blitz March 01 Early 2022"]
[White "Agasarov, Benik"]
[Black "Kukula, Pawel"]
[WhiteFideId "13314823"]
[BlackFideId "1115081"]
[WhiteElo "2566"]
[BlackElo "2203"]
[Result "0-1"]
[Round "07"]
[TimeControl "180+1"]
[Date "2022.03.01"]
[WhiteClock "0:00:16"]
[BlackClock "0:00:27"]

1. d4 Nf6 2. c4 Nc6 3. Nf3 e6 4. a3 g6 5. Nc3 Bg7 6. e4 d6 7. Be2 O-O 8. O-O e5 9. d5 Nb8 10. h3 a5 11. Be3 b6 12. b4 Nh5 13. c5 bxc5 14. bxc5 f5 15. Ng5 Nf4 16. Nf3 fxe4 17. Nxe4 Bf5 18. Ng3 Nd7 19. Nxf5 gxf5 20. cxd6 cxd6 21. Rc1 Nxe2+ 22. Qxe2 f4 23. Bd2 Nc5 24. Bc3 e4 25. Nd2 f3 26. Qe3 fxg2 27. Kxg2 Ra7 28. Nxe4 Nxe4 29. Qxe4 Qg5+ 30. Kh1 Re7 31. Qg2 Qxg2+ 32. Kxg2 Rf5 33. Bxg7 Rxg7+ 34. Kh2 Rxd5 35. Rc8+ Kf7 36. Rfc1 Kf6 37. Rf8+ Ke5 38. Re1+ Kd4 39. Rf4+ Kc5 40. Rc1+ Kb5 41. a4+ Kb6 42. Rb1+ Kc6 43. Rf8 Rd2 44. Rc1+ Kd5 45. Rf5+ Ke6 46. Rf3 d5 47. Re1+ Kd6 48. Rf6+ Kc5 49. Rc1+ Kd4 50. Re1 Rg6 51. Rf4+ Kc5 52. Rc1+ Kd6 53. h4 h5 54. Rf5 Rg4 55. Kh3 Rxa4 56. f3 Raa2 57. Rxh5 Rg2 58. Rg5 Rh2+ 59. Kg3 Rag2+ 60. Kf4 Rxh4+ 61. Rg4 Rhh2 62. Ra1 Ra2 63. Rg6+ Kc5 64. Rc1+ Kb5 65. Rd6 Rhd2 66. Ke5 Ra3 67. Rxd5+ Rxd5+ 68. Kxd5 Rxf3 69. Rb1+ Ka4 70. Kc4 Rf4+ 71. Kc3 Rf8 72. Kc4 Rc8+ 73. Kd3 Rc7 74. Ra1+ Kb4 75. Rb1+ Ka3 76. Ra1+ Kb4 77. Rb1+ Ka4 78. Ra1+ Kb5 79. Rb1+ Ka6 80. Ra1 Rc8 81. Kd2 Rc4 82. Kd3 Rb4 83. Kc3 Kb5 84. Rh1 Rg4 85. Kb3 Rg2 86. Rh5+ Kb6 87. Rh6+ Kb5 88. Rh5+ Kb6 89. Rh6+ Kc7 90. Rh7+ Kc6 91. Rh6+ Kd7 92. Rh5 a4+ 93. Kxa4 Rd2 94. Kb5 Rd6 95. Kc5 Re6 96. Rh7+ Re7 97. Rh8 Re8 98. Rh6 Re6 99. Rh1 Re5+ 100. Kd4 Re6 101. Kd5 Rd6+ 102. Ke5 Re6+ 103. Kf5 Re7 104. Rd1+ Kc6 105. Kf6 Rd7 106. Rc1+ Kd5 107. Ra1 Rd6+ 108. Kf5 Rc6 109. Rd1+ Kc5 110. Ke5 Kb6 111. Kd4 Rd6+ 112. Kc3 Rxd1 113. Kc2 Rd5 114. Kc3 Kc5 115. Kc2 Rd4 116. Kc1 Kd5 117. Kc2 Ke4 118. Kc3 Ke3 119. Kc2 Rd3 120. Kc1 Rd2 121. Kb1 Kd3 122. Ka1 Kc3 123. Kb1 Kb3 124. Kc1 Rd7 125. Kb1 Rd1# 0-1


[Site "https://www.chess.com"]

[Event "Titled Tuesday Blitz March 01 Early 2022"]
[White "Ahmadzada, Ahmad"]
[Black "Deac, Bogdan-Daniel"]
[WhiteFideId "13413007"]
[BlackFideId "1226380"]
[WhiteElo "2228"]
[BlackElo "2646"]
[Result "1/2-1/2"]
[Round "07"]
[TimeControl "180+1"]
[Date "2022.03.01"]
[WhiteClock "0:01:14"]
[BlackClock "0:00:44"]

1. Nf3 d5 2. c4 e6 3. g3 Nf6 4. Bg2 Be7 5. O-O O-O 6. d4 dxc4 7. Qc2 a6 8. a4 Bd7 9. Ne5 Bc6 10. Nxc6 Nxc6 11. e3 Na5 12. Nd2 c5 13. dxc5 Rc8 14. b4 cxb3 15. Nxb3 Nxb3 16. Qxb3 Nd7 17. Ba3 Nxc5 18. Bxc5 Bxc5 19. Qxb7 a5 20. Rac1 Bb4 21. Rxc8 Qxc8 22. Qxc8 Rxc8 23. Rd1 g5 24. g4 Rc4 25. h3 Be7 26. Rd4 Rc1+ 27. Bf1 Bb4 28. Kg2 Rc2 29. Kf3 Be1 30. Be2 Ra2 31. Rd1 Bb4 32. Bb5 Kg7 33. Be8 Kf8 34. Bb5 h6 35. Rc1 Kg7 36. Be8 Kf8 37. Bb5 Kg7 38. Be8 Kf8 39. Bb5 1/2-1/2


[Site "https://www.chess.com"]

[Event "Titled Tuesday Blitz March 01 Early 2022"]
[White "Alavi, Sayed Javad"]
[Black "Krishnan, Varun"]
[WhiteFideId "12500607"]
[BlackFideId "5054508"]
[WhiteElo "2475"]
[BlackElo "2590"]
[Result "0-1"]
[Round "07"]
[TimeControl "180+1"]
[Date "2022.03.01"]
[WhiteClock "0:00:17"]
[BlackClock "0:00:41"]

1. e4 c5 2. Nf3 e6 3. d4 cxd4 4. Nxd4 Nc6 5. Nc3 Qc7 6. g3 Nf6 7. Bg2 a6 8. O-O Be7 9. Re1 d6 10. Nxc6 bxc6 11. e5 dxe5 12. Rxe5 O-O 13. Re1 Rd8 14. Qe2 Bb7 15. b3 c5 16. Bf4 Bd6 17. Bxd6 Rxd6 18. Bxb7 Qxb7 19. Na4 Rc8 20. Nb2 Rd4 21. Nc4 Ne4 22. Qe3 Nf6 23. Rad1 Rcd8 24. Rxd4 cxd4 25. Qe5 h6 26. Rd1 Ne4 27. Rxd4 Rxd4 28. Qxd4 Ng5 29. Qd8+ Kh7 30. Qd3+ Kg8 31. Ne5 Nh3+ 32. Kf1 Qh1+ 33. Ke2 Qxh2 34. Qf3 Ng1+ 0-1


[Site "https://www.chess.com"]

[Event "Titled Tuesday Blitz March 01 Early 2022"]
[White "Alavkin, Arseny"]
[Black "Kalajzic, Ivan"]
[WhiteFideId "4120612"]
[BlackFideId "14506378"]
[WhiteElo "2391"]
[BlackElo "2163"]
[Result "1-0"]
[Round "07"]
[TimeControl "180+1"]
[Date "2022.03.01"]
[WhiteClock "0:01:07"]
[BlackClock "0:00:18"]

1. d4 Nc6 2. c4 e5 3. d5 Nce7 4. g3 Nf6 5. Bg2 d6 6. Nc3 g6 7. e4 Bg7 8. Nge2 O-O 9. O-O Ne8 10. Be3 f5 11. f4 fxe4 12. Nxe4 Nf5 13. Bf2 exf4 14. Nxf4 Bxb2 15. Rb1 Be5 16. Ne6 Bxe6 17. dxe6 Nf6 18. Rxb7 Nxe4 19. Bxe4 Qe7 20. Bd5 Rab8 21. Rxb8 Rxb8 22. Qa4 Rb2 23. Qxa7 Rxf2 24. Rxf2 Bd4 25. Qb8+ Kg7 26. Kg2 Bxf2 27. Kxf2 Nd4 28. Kg2 Nxe6 29. a4 Nd4 30. Qb2 c5 31. a5 Qe3 32. a6 Kh6 33. a7 Ne2 34. a8=Q Qg1+ 35. Kf3 Nd4+ 36. Kg4 Qd1+ 37. Bf3 1-0


[Site "https://www.chess.com"]

[Event "Titled Tuesday Blitz March 01 Early 2022"]
[White "Arabidze, Meri"]
[Black "Devaev, Alexander"]
[WhiteFideId "13604040"]
[BlackFideId "4169395"]
[WhiteElo "2329"]
[BlackElo "2185"]
[Result "1-0"]
[Round "07"]
[TimeControl "180+1"]
[Date "2022.03.01"]
[WhiteClock "0:00:05"]
[BlackClock "0:00:03"]

1. d4 Nf6 2. Nf3 e6 3. g3 c5 4. Bg2 cxd4 5. Nxd4 Be7 6. c4 Nc6 7. O-O O-O 8. Nc3 Ne5 9. b3 d6 10. Bb2 a6 11. e4 Qc7 12. h3 Rb8 13. f4 Ng6 14. Rc1 Re8 15. Kh2 Bf8 16. a4 b6 17. Qe2 Bb7 18. Rfd1 Ba8 19. Qf2 Nd7 20. h4 Be7 21. h5 Ngf8 22. h6 g6 23. Nf3 Nc5 24. b4 Ncd7 25. Qd4 Bf6 26. Qd3 Rbc8 27. Nd2 Qb8 28. Kh1 Bb7 29. g4 e5 30. g5 Be7 31. Nd5 Bxd5 32. exd5 exf4 33. Nf3 f6 34. Bh3 Ne5 35. Nxe5 fxe5 36. Bxc8 Rxc8 37. c5 bxc5 38. Qxa6 Rc7 39. Bxe5 Ra7 40. Qc6 dxe5 41. d6 Bxg5 42. d7 Qd8 43. bxc5 Rc7 44. Qd5+ Kh8 45. c6 Bf6 46. a5 g5 47. a6 Ng6 48. a7 Rxa7 49. c7 Rxc7 50. Rxc7 Ne7 51. Qb7 Qg8 52. Rc8 Nxc8 53. dxc8=Q Bd8 54. Qxd8 Qxd8 55. Rxd8# 1-0


[Site "https://www.chess.com"]

[Event "Titled Tuesday Blitz March 01 Early 2022"]
[White "Ardila, Oscar Humberto"]
[Black "Derraugh, Geordie"]
[WhiteFideId "4404742"]
[BlackFideId "2603950"]
[WhiteElo "1898"]
[BlackElo "2116"]
[Result "0-1"]
[Round "07"]
[TimeControl "180+1"]
[Date "2022.03.01"]
[WhiteClock "0:00:02"]
[BlackClock "0:00:16"]

1. d4 Nf6 2. c4 e6 3. Bd2 c5 4. e3 cxd4 5. exd4 Nc6 6. Nf3 d5 7. c5 Ne4 8. Bb5 Be7 9. Ne5 Bd7 10. Bxc6 Bxc6 11. O-O O-O 12. Nc3 Nxc3 13. bxc3 Bb5 14. Re1 Qc7 15. Bf4 Qa5 16. Qd2 Rac8 17. Rab1 b6 18. Qb2 Ba4 19. cxb6 axb6 20. Bd2 Rb8 21. c4 Qa8 22. Bb4 Bxb4 23. Qxb4 dxc4 24. Qxc4 Rfc8 25. Qb4 Bc2 26. Rb2 Be4 27. f3 Bd5 28. Qd2 Qa4 29. Reb1 f6 30. Ng4 Rc4 31. Qf4 Rf8 32. Rd2 e5 33. Qf5 Rxd4 34. Rxd4 Qxd4+ 35. Kh1 Bxa2 36. Rc1 Qd2 37. Ra1 b5 38. h4 b4 39. Qe4 f5 40. Qxe5 fxg4 41. Re1 gxf3 42. gxf3 Bd5 43. Re3 Bxf3+ 44. Rxf3 Rxf3 45. Qe8+ Rf8 46. Qe6+ Kh8 47. Qe7 Qd1+ 48. Kh2 Qf3 49. h5 Qf2+ 50. Kh1 Qf1+ 51. Kh2 Rf2+ 52. Kg3 Qg2+ 53. Kh4 Rf4# 0-1


[Site "https://www.chess.com"]

[Event "Titled Tuesday Blitz March 01 Early 2022"]
[White "Astasio Lopez, David"]
[Black "Krysa, Leandro"]
[WhiteFideId "2230208"]
[BlackFideId "116807"]
[WhiteElo "2355"]
[BlackElo "2490"]
[Result "0-1"]
[Round "07"]
[TimeControl "180+1"]
[Date "2022.03.01"]
[WhiteClock "0:00:02"]
[BlackClock "0:00:55"]

1. d4 d5 2. Nf3 Nf6 3. Nbd2 c6 4. c3 Bf5 5. Nh4 Be4 6. f3 Bg6 7. Nxg6 hxg6 8. e4 dxe4 9. fxe4 e5 10. dxe5 Nfd7 11. Nf3 Qb6 12. Bc4 Nc5 13. Be3 Qxb2 14. O-O Qxc3 15. Bxf7+ Kxf7 16. Ng5+ Ke8 17. Qf3 Nbd7 18. Qf7+ Kd8 19. Bxc5 Bxc5+ 20. Kh1 Qxe5 21. Ne6+ Kc8 22. h3 Bd6 23. Nf4 Rf8 24. Qxg6 Rxf4 25. Rxf4 Qxf4 0-1


[Site "https://www.chess.com"]

[Event "Titled Tuesday Blitz March 01 Early 2022"]
[White "Barbashin, Igor"]
[Black "Eynullayev, Altay"]
[WhiteFideId "4155718"]
[BlackFideId "13413562"]
[WhiteElo "2138"]
[BlackElo "2079"]
[Result "1-0"]
[Round "07"]
[TimeControl "180+1"]
[Date "2022.03.01"]
[WhiteClock "0:00:13"]
[BlackClock "0:00:03"]

1. d4 Nf6 2. c4 e6 3. Nc3 Bb4 4. Nf3 b6 5. g3 Bb7 6. Bg2 O-O 7. O-O d6 8. Qc2 Bxc3 9. Qxc3 Be4 10. Bg5 Nbd7 11. Nd2 Bxg2 12. Kxg2 h6 13. Bxf6 Qxf6 14. e4 c5 15. Nf3 Rac8 16. b3 Rfd8 17. Rad1 Nb8 18. Rd3 Qg6 19. Re1 cxd4 20. Nxd4 d5 21. exd5 exd5 22. Nf3 Nc6 23. Rxd5 Re8 24. Rxe8+ Rxe8 25. Qd3 Qg4 26. Qf5 Qxf5 27. Rxf5 Re2 28. a3 Ra2 29. a4 Rb2 30. Rb5 Na5 31. c5 Kf8 32. cxb6 axb6 33. b4 Nc4 34. Nd4 Rd2 35. Nc6 f6 36. a5 bxa5 37. bxa5 Ne3+ 38. Kf3 Nd5 39. a6 Ra2 40. a7 Kf7 41. Rxd5 1-0


[Site "https://www.chess.com"]

[Event "Titled Tuesday Blitz March 01 Early 2022"]
[White "Bashirli, Saadat"]
[Black "Thorhallsson, Simon"]
[WhiteFideId "13429990"]
[BlackFideId "2310090"]
[WhiteElo "1173"]
[BlackElo "2137"]
[Result "0-1"]
[Round "07"]
[TimeControl "180+1"]
[Date "2022.03.01"]
[WhiteClock "0:01:29"]
[BlackClock "0:01:28"]

1. d4 Nf6 2. Bg5 e6 3. e4 h6 4. Bxf6 Qxf6 5. c3 g6 6. Nf3 Bg7 7. Be2 b6 8. Nbd2 Bb7 9. Bd3 O-O 10. O-O d6 11. Re1 e5 12. d5 a5 13. Nf1 Nd7 14. Ne3 Qe7 15. Qd2 a4 16. Rac1 Nc5 17. Bb1 Bc8 18. Nc4 f5 19. exf5 Bxf5 20. Bxf5 Rxf5 21. Ne3 Rxf3 22. gxf3 Rf8 23. Qe2 Qh4 24. Ng2 Qh3 25. Rcd1 Rxf3 26. Qf1 e4 27. Re3 Be5 28. Qe1 Qxh2+ 29. Kf1 Qh1+ 30. Ke2 Qxg2 31. Rxf3 Qxf3+ 32. Kd2 Nd3 33. Qf1 Nxf2 34. Kc2 Nxd1 35. Qxd1 Qxd1+ 36. Kxd1 0-1


[Site "https://www.chess.com"]

[Event "Titled Tuesday Blitz March 01 Early 2022"]
[White "Beerdsen, Thomas"]
[Black "Mikhailov, Viacheslav"]
[WhiteFideId "1030108"]
[BlackFideId "4187369"]
[WhiteElo "2585"]
[BlackElo "2381"]
[Result "0-1"]
[Round "07"]
[TimeControl "180+1"]
[Date "2022.03.01"]
[WhiteClock "0:01:34"]
[BlackClock "0:00:16"]

1. e4 d6 2. d4 Nf6 3. Nc3 g6 4. h4 Bg7 5. h5 O-O 6. hxg6 hxg6 7. Bg5 c5 8. Nf3 Bg4 9. Qd2 Bxf3 10. gxf3 cxd4 11. Ne2 Nc6 12. Bh6 Qa5 13. c3 dxc3 14. Nxc3 Nh5 15. Bb5 Nd4 16. O-O-O Nxb5 17. Bxg7 Nxg7 18. Qh6 f6 19. Nxb5 Qxb5 20. Rdg1 Qd3 21. Qh7+ Kf7 22. Qxg6+ Ke6 23. Qg4+ f5 24. exf5+ Nxf5 25. b3 Rac8+ 26. Kb2 Rc2+ 27. Ka3 Qa6+ 28. Kb4 Qb6+ 29. Ka4 Rxa2# 0-1


[Site "https://www.chess.com"]

[Event "Titled Tuesday Blitz March 01 Early 2022"]
[White "Bilan, Danila"]
[Black "Pajeken, Jakob Leon"]
[WhiteFideId "24161918"]
[BlackFideId "12942839"]
[WhiteElo "2164"]
[BlackElo "2351"]
[Result "1/2-1/2"]
[Round "07"]
[TimeControl "180+1"]
[Date "2022.03.01"]
[WhiteClock "0:01:28"]
[BlackClock "0:02:50"]

1. d4 d5 2. Nf3 Nf6 3. c4 dxc4 4. e3 e6 5. Bxc4 c5 6. O-O Nc6 7. Nc3 a6 8. dxc5 Qxd1 9. Rxd1 Bxc5 10. a3 b5 11. Be2 O-O 12. b4 Be7 13. Bb2 Bb7 14. Nd4 Nxd4 15. Rxd4 Rfd8 16. Rad1 Kf8 17. f3 e5 18. Rxd8+ Rxd8 19. Rxd8+ Bxd8 20. Kf2 Ke7 21. a4 bxa4 22. Nxa4 Nd7 23. Ke1 Bc7 24. Kd2 Bd6 25. Bc3 f6 26. Bd3 h5 27. h4 Nf8 28. Nc5 Bxc5 29. bxc5 Nd7 30. Bb4 Ke6 31. Kc3 f5 32. Bc4+ Kf6 33. Bb3 Nb8 34. Ba5 Bc6 35. Bc7 Nd7 36. Bc4 Nxc5 37. Bd8+ Kg6 38. Be7 Na4+ 39. Kb3 Bb5 40. Bd5 Nb6 41. Be6 Nd7 42. Bxd7 Bxd7 43. Kc3 f4 44. exf4 exf4 45. Bd6 Kf5 46. Kd4 Bb5 47. g3 fxg3 48. Bxg3 Bc6 49. Bd6 Bxf3 50. Ke3 Bc6 51. Kf2 g5 52. hxg5 Kxg5 53. Ke3 Kf5 54. Kd2 Ke6 55. Bh2 Kd5 56. Kc1 Kc4 57. Kb1 a5 58. Ka1 a4 59. Bb8 Kb3 60. Bc7 Bd5 61. Bb8 Bc4 62. Bc7 Kc3 63. Bh2 Bb3 64. Bg3 Kd3 65. Bh2 Ke4 66. Bb8 Kd5 67. Bc7 Kc6 68. Bb8 Kb7 69. Bh2 Kc6 70. Bf4 h4 71. Bh2 h3 72. Bg3 Kd5 73. Bh2 Ke4 74. Bb8 Kf3 75. Bh2 Ke2 76. Bb8 Kd3 77. Bc7 Kc3 78. Bb8 Kc2 79. Bc7 Kc1 80. Bh2 Kd1 81. Bg3 Kd2 82. Bh2 Kd3 83. Bg3 Ke3 84. Bh2 Kf3 85. Bc7 Kg4 86. Bd6 Kf5 87. Bc7 Kf6 88. Bh2 Kf7 89. Bg3 Ke8 90. Bh2 Kd8 91. Bg3 Kc8 92. Bh2 Kb7 93. Bg3 Ka7 94. Bh2 Ka6 95. Bg3 Kb5 96. Bh2 Kb4 97. Bg3 a3 98. Bh2 Kc4 99. Bg3 Kd3 100. Bh2 Ke4 101. Bg3 Kf3 102. Bc7 Kg2 103. Bd6 Bd5 104. Bc7 Kf2 105. Bd6 Kf3 106. Bc7 Ke4 107. Bh2 Kd4 108. Bg3 Kc4 109. Bh2 Kd3 110. Bg3 Kd4 111. Bh2 Ke4 112. Bg3 Kf5 113. Bh2 Kg6 114. Bg1 Kg5 115. Bh2 Kg4 116. Bc7 Kf3 117. Bb8 Kg2 118. Bc7 Kg1 119. Bb6+ Kf1 120. Bc7 Ke2 121. Bd6 Kd2 122. Bh2 a2 123. Bg3 Kc2 124. Bh2 Kb3 125. Bg3 Kc4 126. Bh2 Kb5 127. Bg3 Ka6 128. Bh2 Ka7 129. Bg3 Ka8 130. Bh2 Kb7 131. Bg3 Kc8 132. Bh2 Kd8 133. Bg3 Ke8 134. Bh2 Kf8 135. Bg3 Kg8 136. Bh2 Kh8 137. Bg3 Kh7 138. Bh2 Kh6 139. Bg3 Kh5 140. Bh2 Kh4 141. Bf4 Kg4 142. Bh2 Kf3 143. Be5 Kg2 144. Bd6 Kh1 145. Be5 Bg8 146. Bd6 Kg1 147. Be5 Kf1 148. Bd6 Ke1 149. Be5 Kd1 150. Bd6 Kc2 151. Be5 Kb3 152. Bd6 Ka4 153. Be5 Ka5 154. Bf4 Ka6 155. Bg3 Ka7 156. Bh2 Ka8 157. Bg3 Kb7 158. Bh2 Kc8 159. Kb2 Kd7 160. Ka1 Ke8 161. Bg3 Kf7 162. Bh2 Kf8 163. Bg3 Kg7 164. Bh2 Kh8 165. Be5+ Kh7 166. Bh2 Kg6 167. Bg3 Kh5 168. Bh2 Kg4 169. Be5 Kf3 170. Bh2 Kg2 171. Bd6 h2 172. Bxh2 Kxh2 173. Kb2 Kg2 174. Ka1 Kf3 175. Kb2 Kf4 176. Ka1 Ke5 177. Kb2 Kd6 178. Ka1 Kc7 179. Kb2 Kb8 180. Ka1 Ka7 181. Kb2 Kb7 182. Ka1 Kc8 183. Kb2 Kd8 184. Ka1 Ke8 185. Kb2 Kf7 186. Ka1 Kg7 187. Kb2 Kh6 188. Ka1 Kh5 189. Kb2 Kh4 190. Ka1 Kh3 191. Kb2 Kh2 192. Ka1 Kh1 193. Kb2 Kg1 194. Ka1 Kf1 195. Kb2 Ke1 196. Ka1 Kd2 197. Kb2 Kd3 198. Ka1 Kd4 199. Kb2 Kc5 200. Ka1 Kb6 201. Kb2 Ka7 202. Ka1 Ka8 203. Kb2 Kb8 204. Ka1 Kc8 205. Kb2 Bf7 206. Ka1 Kd8 207. Kb2 Ke8 208. Ka1 Kf8 209. Kb2 Kg8 210. Ka1 Kh8 211. Kb2 Kh7 212. Ka1 Kg7 213. Kb2 Kg6 214. Ka1 Kh6 215. Kb2 Kh5 216. Ka1 Kg5 217. Kb2 Kh4 218. Ka1 Kg4 219. Kb2 Kh4 220. Ka1 Kh3 221. Kb2 Kg3 222. Ka1 Kh2 1/2-1/2


[Site "https://www.chess.com"]

[Event "Titled Tuesday Blitz March 01 Early 2022"]
[White "Bilych, Olexiy"]
[Black "Gelman, Alexander"]
[WhiteFideId "14156504"]
[BlackFideId "4118316"]
[WhiteElo "2195"]
[BlackElo "2375"]
[Result "1-0"]
[Round "07"]
[TimeControl "180+1"]
[Date "2022.03.01"]
[WhiteClock "0:00:13"]
[BlackClock "0:00:02"]

1. d4 Nf6 2. c4 c5 3. d5 b5 4. cxb5 a6 5. e3 e6 6. Nc3 exd5 7. Nxd5 Bb7 8. e4 Be7 9. Bc4 O-O 10. b6 Nxe4 11. Nf3 Nd6 12. Be2 Bxd5 13. Qxd5 Nc6 14. O-O Qxb6 15. b3 Bf6 16. Rb1 Nb5 17. Bd2 Rad8 18. Rbc1 d6 19. Bd3 g6 20. h4 Ne7 21. Qe4 d5 22. Qg4 h5 23. Qg3 Bg7 24. Rfe1 Rfe8 25. Bg5 Bf6 26. Qf4 Bxg5 27. Nxg5 f6 28. Ne6 Rd6 29. Nxc5 Kf7 30. Na4 Qd8 31. Nc5 Rd7 32. Nxd7 Qxd7 33. Bxb5 axb5 34. Rc7 Qd6 35. Qxd6 1-0


[Site "https://www.chess.com"]